TOP OF THE 1ST |
Surrey Sinners batting - Pitching for Saskatoon Smokin' Guns : RHP José Fernández
|
Pitching: RHP José Fernández
|
|
Batting: LHB Juan Hinojosa
|
0-0: Ball 1-0: Called Strike 1-1: Ball 2-1: Ball 3-1: Swinging Strike 3-2: Strikes out swinging
|
Batting: LHB Jorge Martínez
|
0-0: Called Strike 0-1: Foul Ball, location: 2F 0-2: Ball 1-2: Foul Ball, location: 2F 1-2: Ball 2-2: Foul Ball, location: 2F 2-2: Strikes out swinging
|
Batting: LHB Iván Espinosa
|
0-0: Ball 1-0: Ball 2-0: SINGLE (Groundball, 34D)
|
Batting: RHB Dennis House
|
0-0: Ball 1-0: Called Strike 1-1: Ball 2-1: Ground out 1-3 (Groundball, 13S)
|
Top of the 1st over - 0 run(s), 1 hit(s), 0 error(s), 1 left on base; Surrey 0 - Saskatoon 0 |
BOTTOM OF THE 1ST |
Saskatoon Smokin' Guns batting - Pitching for Surrey Sinners : RHP Luis Vargas
|
Pitching: RHP Luis Vargas
|
|
Batting: RHB Pedro Cabrera
|
0-0: Ball 1-0: Ball 2-0: Ground out 6-3 (Groundball, 6)
|
Batting: RHB Julián García
|
0-0: Ball 1-0: SINGLE (Groundball, 6MD)
|
Batting: RHB Brendon Little
|
0-0: Called Strike 0-1: Fly out, F8 (Flyball, 8LM)
|
Batting: RHB Joaquín Luna
|
0-0: Called Strike 0-1: Ball 1-1: Fielders Choice at 2nd, 4-6 (Groundball, 4)
|
Bottom of the 1st over - 0 run(s), 1 hit(s), 0 error(s), 0 left on base; Surrey 0 - Saskatoon 0 |
TOP OF THE 2ND |
Surrey Sinners batting - Pitching for Saskatoon Smokin' Guns : RHP José Fernández
|
Batting: RHB Félix Castro
|
0-0: Called Strike 0-1: SINGLE (Groundball, 6MD)
|
Batting: RHB Heath O'Keerwin
|
0-0: SINGLE (Line Drive, 4MD) Félix Castro to second
|
Batting: RHB Jorge Barrios
|
0-0: Called Strike 0-1: Called Strike 0-2: Ball 1-2: Strikes out looking
|
Batting: SHB Juan Carlos Mesa
|
0-0: Called Strike 0-1: Ball 1-1: SINGLE (Groundball, 4MD) Félix Castro to third Heath O'Keerwin to second
|
Batting: RHB Mauro Paredes
|
0-0: Ball 1-0: Fly out, F8 (Flyball, 89M)
|
Batting: LHB Juan Hinojosa
|
0-0: Foul Ball, location: 2F 0-1: Ball 1-1: Foul Ball, location: 2F 1-2: SINGLE (Groundball, 4MD) Félix Castro scores Heath O'Keerwin to third Juan Carlos Mesa to second Runner from 3rd tries for Home, SAFE, no throw
|
Batting: LHB Jorge Martínez
|
0-0: Ball 1-0: Ball 2-0: Called Strike 2-1: Ball 3-1: Foul Ball, location: 2F 3-2: Base on Balls Juan Carlos Mesa to third Juan Hinojosa to second
|
Batting: LHB Iván Espinosa
|
0-0: Ball 1-0: Swinging Strike 1-1: Ball 2-1: Foul Ball, location: 2F 2-2: Strikes out swinging
|
Top of the 2nd over - 2 run(s), 4 hit(s), 0 error(s), 3 left on base; Surrey 2 - Saskatoon 0 |
BOTTOM OF THE 2ND |
Saskatoon Smokin' Guns batting - Pitching for Surrey Sinners : RHP Luis Vargas
|
Batting: LHB Rubén Salazar
|
0-0: Foul Ball, location: 2F 0-1: Fly out, F4 (Line Drive, 4)
|
Batting: RHB Henry Jackson
|
0-0: Foul Ball, location: 2F 0-1: Foul Ball, location: 2F 0-2: Ball 1-2: Ball 2-2: Strikes out swinging
|
Batting: RHB Johnny Hawson
|
0-0: Ball 1-0: Ball 2-0: Fly out, F9 (Line Drive, 9)
|
Bottom of the 2nd over - 0 run(s), 0 hit(s), 0 error(s), 0 left on base; Surrey 2 - Saskatoon 0 |
TOP OF THE 3RD |
Surrey Sinners batting - Pitching for Saskatoon Smokin' Guns : RHP José Fernández
|
Batting: RHB Dennis House
|
0-0: Foul Ball, location: 2F 0-1: Foul Ball, location: 2F 0-2: Ball 1-2: Fly out, F9 (Flyball, 9LMF)
|
Batting: RHB Félix Castro
|
0-0: Ball 1-0: SINGLE (Groundball, 34D)
|
Batting: RHB Heath O'Keerwin
|
0-0: Called Strike 0-1: Ball 1-1: Ball 2-1: Swinging Strike 2-2: Ball 3-2: Strikes out looking
|
Batting: RHB Jorge Barrios
|
0-0: Foul Ball, location: 2F 0-1: Ball 1-1: Foul Ball, location: 2F 1-2: Foul Ball, location: 2F 1-2: Foul Ball, location: 2F 1-2: SINGLE (Line Drive, 56D) Félix Castro to second
|
Batting: SHB Juan Carlos Mesa
|
0-0: Called Strike 0-1: Swinging Strike 0-2: Ball 1-2: Ball 2-2: Ball 3-2: Strikes out swinging
|
Top of the 3rd over - 0 run(s), 2 hit(s), 0 error(s), 2 left on base; Surrey 2 - Saskatoon 0 |
BOTTOM OF THE 3RD |
Saskatoon Smokin' Guns batting - Pitching for Surrey Sinners : RHP Luis Vargas
|
Batting: RHB Joe Lewis
|
0-0: Ball 1-0: Ball 2-0: Foul Ball, location: 2F 2-1: Fly out, F7 (Line Drive, 7S)
|
Batting: RHB Artie Turner
|
0-0: Ball 1-0: Ball 2-0: Ball 3-0: Base on Balls
|
Batting: RHB Pedro Cabrera
|
0-0: Ball 1-0: Called Strike 1-1: Foul Ball, location: 2F 1-2: Foul Ball, location: 2F 1-2: Ball 2-2: Grounds into double play, 6-4-3 (Groundball, 6)
|
Bottom of the 3rd over - 0 run(s), 0 hit(s), 0 error(s), 0 left on base; Surrey 2 - Saskatoon 0 |
TOP OF THE 4TH |
Surrey Sinners batting - Pitching for Saskatoon Smokin' Guns : RHP José Fernández
|
Batting: RHB Mauro Paredes
|
0-0: Called Strike 0-1: Ball 1-1: Ball 2-1: Foul Ball, location: 2F 2-2: Foul Ball, location: 2F 2-2: Ground out 5-3 (Groundball, 56S)
|
Batting: LHB Juan Hinojosa
|
0-0: Foul Ball, location: 2F 0-1: Called Strike 0-2: Fly out, F7 (Flyball, 7)
|
Batting: LHB Jorge Martínez
|
0-0: Called Strike 0-1: Ball 1-1: Ball 2-1: Foul Ball, location: 2F 2-2: Strikes out swinging
|
Top of the 4th over - 0 run(s), 0 hit(s), 0 error(s), 0 left on base; Surrey 2 - Saskatoon 0 |
BOTTOM OF THE 4TH |
Saskatoon Smokin' Guns batting - Pitching for Surrey Sinners : RHP Luis Vargas
|
Batting: RHB Julián García
|
0-0: Ball 1-0: Called Strike 1-1: Ball 2-1: Ball 3-1: Base on Balls
|
Batting: RHB Brendon Little
|
0-0: Reached on error, E5 (Groundball, 56S) Julián García to second
|
Batting: RHB Joaquín Luna
|
0-0: Fly out, F8 (Flyball, 8RM)
|
Batting: LHB Rubén Salazar
|
0-0: Called Strike 0-1: SINGLE (Line Drive, 34) Julián García to third Brendon Little to second
|
Batting: RHB Henry Jackson
|
0-0: Swinging Strike 0-1: Foul Ball, location: 2F 0-2: Ball 1-2: Ball 2-2: Ball 3-2: Foul Ball, location: 2F 3-2: Foul Ball, location: 2F 3-2: Strikes out looking
|
Batting: RHB Johnny Hawson
|
0-0: Called Strike 0-1: Ball 1-1: Ball 2-1: Foul Ball, location: 2F 2-2: Strikes out swinging
|
Bottom of the 4th over - 0 run(s), 1 hit(s), 1 error(s), 3 left on base; Surrey 2 - Saskatoon 0 |
TOP OF THE 5TH |
Surrey Sinners batting - Pitching for Saskatoon Smokin' Guns : RHP José Fernández
|
Pitching: RHP Ismael Ramírez
|
|
Batting: LHB Iván Espinosa
|
0-0: Ball 1-0: Ball 2-0: Ball 3-0: Called Strike 3-1: Called Strike 3-2: Foul Ball, location: 2F 3-2: Ground out 1-3 (Groundball, 15S)
|
Batting: RHB Dennis House
|
0-0: Called Strike 0-1: Ball 1-1: Ball 2-1: Ball 3-1: Swinging Strike 3-2: Base on Balls
|
Batting: RHB Félix Castro
|
0-0: Called Strike 0-1: Swinging Strike 0-2: Ball 1-2: Fly out, F7 (Flyball, 7)
|
Batting: RHB Heath O'Keerwin
|
0-0: Called Strike 0-1: Ball 1-1: Called Strike 1-2: Ball 2-2: Fly out, F9 (Flyball, 9)
|
Top of the 5th over - 0 run(s), 0 hit(s), 0 error(s), 1 left on base; Surrey 2 - Saskatoon 0 |
BOTTOM OF THE 5TH |
Saskatoon Smokin' Guns batting - Pitching for Surrey Sinners : RHP Luis Vargas
|
Batting: RHB Joe Lewis
|
0-0: Called Strike 0-1: Foul Ball, location: 2F 0-2: Foul Ball, location: 2F 0-2: Foul Ball, location: 2F 0-2: Ball 1-2: Ball 2-2: Ball 3-2: Foul Ball, location: 2F 3-2: Strikes out looking
|
Batting: RHB Artie Turner
|
0-0: Ground out 6-3 (Groundball, 6MS)
|
Batting: RHB Pedro Cabrera
|
0-0: Called Strike 0-1: Ball 1-1: Fly out, F3 (Line Drive, 3)
|
Bottom of the 5th over - 0 run(s), 0 hit(s), 0 error(s), 0 left on base; Surrey 2 - Saskatoon 0 |
TOP OF THE 6TH |
Surrey Sinners batting - Pitching for Saskatoon Smokin' Guns : RHP Ismael Ramírez
|
Batting: RHB Jorge Barrios
|
0-0: Ball 1-0: Called Strike 1-1: Ball 2-1: Swinging Strike 2-2: Strikes out swinging
|
Batting: SHB Juan Carlos Mesa
|
0-0: Called Strike 0-1: Ball 1-1: SINGLE (Line Drive, 9LS)
|
Batting: RHB Mauro Paredes
|
0-0: Called Strike 0-1: Ball 1-1: Fly out, F8 (Flyball, 8LD)
|
Batting: LHB Juan Hinojosa
|
0-0: Ball 1-0: 2-RUN HOME RUN (Flyball, 9LD), Distance : 332 ft
|
Batting: LHB Jorge Martínez
|
0-0: Ball 1-0: Ball 2-0: Fly out, F7 (Flyball, 7LM)
|
Top of the 6th over - 2 run(s), 2 hit(s), 0 error(s), 0 left on base; Surrey 4 - Saskatoon 0 |
BOTTOM OF THE 6TH |
Saskatoon Smokin' Guns batting - Pitching for Surrey Sinners : RHP Luis Vargas
|
Batting: RHB Julián García
|
0-0: Ball 1-0: Called Strike 1-1: Ground out 6-3 (Groundball, 6S)
|
Batting: RHB Brendon Little
|
0-0: Ball 1-0: Swinging Strike 1-1: Ball 2-1: Swinging Strike 2-2: Strikes out swinging
|
Batting: RHB Joaquín Luna
|
0-0: Swinging Strike 0-1: Called Strike 0-2: Ball 1-2: SINGLE (Line Drive, 4)
|
Batting: LHB Rubén Salazar
|
0-0: Ball Joaquín Luna steals 2nd base 1-0: Foul Ball, location: 2F 1-1: Ball 2-1: SINGLE (Groundball, 3D) Joaquín Luna to third Runner from 3rd tries for Home, SAFE, no throw
|
Pitching: RHP Mike Alexander
|
|
Batting: RHB Henry Jackson
|
0-0: Ball 1-0: SINGLE (Groundball, 34D) Rubén Salazar to second Runner from 2nd tries for 3rd, SAFE, no throw
|
Batting: RHB Johnny Hawson
|
0-0: Ground out 4-3 (Groundball, 4MD)
|
Bottom of the 6th over - 1 run(s), 3 hit(s), 0 error(s), 2 left on base; Surrey 4 - Saskatoon 1 |
TOP OF THE 7TH |
Surrey Sinners batting - Pitching for Saskatoon Smokin' Guns : RHP Ismael Ramírez
|
Pitching: RHP Bernardo García
|
|
Batting: LHB Iván Espinosa
|
0-0: SINGLE (Line Drive, 8LS)
|
Batting: RHB Dennis House
|
0-0: Called Strike 0-1: Ball 1-1: Ball 2-1: Ball 3-1: Base on Balls Iván Espinosa to second
|
Batting: RHB Félix Castro
|
0-0: Foul Ball, location: 2F 0-1: Ball 1-1: Ball 2-1: Foul Ball, location: 2F 2-2: Foul Ball, location: 2F 2-2: Foul Ball, location: 2F 2-2: Ball 3-2: Base on Balls Iván Espinosa to third Dennis House to second
|
Pinch Hitting: SHB Norberto Muñóz
|
0-0: Ball 1-0: Ball 2-0: Ball 3-0: Base on Balls Iván Espinosa scores Dennis House to third Félix Castro to second
|
Batting: RHB Jorge Barrios
|
0-0: Ball 1-0: Foul Ball, location: 2F 1-1: Ball 2-1: Called Strike 2-2: Foul Ball, location: 2F 2-2: DOUBLE (Line Drive, 7LM) Dennis House scores Félix Castro scores Norberto Muñóz to third
|
Pitching: RHP Artie Smith
|
|
Batting: SHB Juan Carlos Mesa
|
0-0: Ground out 6-3 (Groundball, 6) Norberto Muñóz scores
|
Batting: RHB Mauro Paredes
|
0-0: Swinging Strike 0-1: Called Strike 0-2: Ball 1-2: Foul Ball, location: 2F 1-2: Ground out 4-3 (Groundball, 4) Jorge Barrios to third
|
Batting: LHB Juan Hinojosa
|
0-0: Ball 1-0: Foul Ball, location: 2F 1-1: Ground out 4-3 (Groundball, 4)
|
Top of the 7th over - 4 run(s), 2 hit(s), 0 error(s), 1 left on base; Surrey 8 - Saskatoon 1 |
BOTTOM OF THE 7TH |
Saskatoon Smokin' Guns batting - Pitching for Surrey Sinners : RHP Mike Alexander
|
Now in CF: Mitchell Darragh
|
|
Batting: RHB Joe Lewis
|
0-0: Called Strike 0-1: Foul Ball, location: 2F 0-2: Strikes out swinging
|
Batting: RHB Artie Turner
|
0-0: Called Strike 0-1: Ball 1-1: Swinging Strike 1-2: Ball 2-2: SINGLE (Groundball, 6MD)
|
Batting: RHB Pedro Cabrera
|
0-0: Ball 1-0: Fly out, F8 (Flyball, 8RS)
|
Batting: RHB Julián García
|
0-0: Ball 1-0: Called Strike 1-1: Ball 2-1: Fly out, F7 (Flyball, 78D)
|
Bottom of the 7th over - 0 run(s), 1 hit(s), 0 error(s), 1 left on base; Surrey 8 - Saskatoon 1 |
TOP OF THE 8TH |
Surrey Sinners batting - Pitching for Saskatoon Smokin' Guns : RHP Artie Smith
|
Batting: LHB Jorge Martínez
|
0-0: Foul Ball, location: 2F 0-1: Called Strike 0-2: Ball 1-2: Strikes out swinging
|
Batting: LHB Iván Espinosa
|
0-0: Ball 1-0: Ball 2-0: Ball 3-0: Base on Balls
|
Batting: RHB Dennis House
|
0-0: Ball 1-0: Fly out, F8 (Flyball, 8RS)
|
Batting: RHB Félix Castro
|
0-0: Called Strike 0-1: Ball 1-1: SINGLE (Line Drive, 78M) Iván Espinosa to second
|
Batting: RHB Mitchell Darragh
|
0-0: Foul Ball, location: 2F 0-1: Ground out 6-3 (Groundball, 6MD)
|
Top of the 8th over - 0 run(s), 1 hit(s), 0 error(s), 2 left on base; Surrey 8 - Saskatoon 1 |
BOTTOM OF THE 8TH |
Saskatoon Smokin' Guns batting - Pitching for Surrey Sinners : RHP Mike Alexander
|
Batting: RHB Brendon Little
|
0-0: Called Strike 0-1: Ball 1-1: Foul Ball, location: 2F 1-2: Ball 2-2: Ground out 6-3 (Groundball, 6)
|
Batting: RHB Joaquín Luna
|
0-0: Fly out, F6 (Line Drive, 6)
|
Batting: LHB Rubén Salazar
|
0-0: Ball 1-0: Ball 2-0: Foul Ball, location: 2F 2-1: Foul Ball, location: 2F 2-2: Ball 3-2: Foul Ball, location: 2F 3-2: Foul Ball, location: 2F 3-2: Foul Ball, location: 2F 3-2: Foul Ball, location: 2F 3-2: Foul Ball, location: 2F 3-2: Base on Balls
|
Batting: RHB Henry Jackson
|
0-0: Fielders Choice at 2nd, 6-4 (Groundball, 6)
|
Bottom of the 8th over - 0 run(s), 0 hit(s), 0 error(s), 0 left on base; Surrey 8 - Saskatoon 1 |
TOP OF THE 9TH |
Surrey Sinners batting - Pitching for Saskatoon Smokin' Guns : RHP Artie Smith
|
Batting: RHB Jorge Barrios
|
0-0: Called Strike 0-1: Called Strike 0-2: Strikes out looking
|
Batting: SHB Juan Carlos Mesa
|
0-0: Called Strike 0-1: Called Strike 0-2: Ground out 4-3 (Groundball, 4)
|
Batting: RHB Mauro Paredes
|
0-0: Ball 1-0: Called Strike 1-1: Called Strike 1-2: Fly out, F8 (Flyball, 89M)
|
Top of the 9th over - 0 run(s), 0 hit(s), 0 error(s), 0 left on base; Surrey 8 - Saskatoon 1 |
BOTTOM OF THE 9TH |
Saskatoon Smokin' Guns batting - Pitching for Surrey Sinners : RHP Mike Alexander
|
Pitching: LHP Clarence Gill
|
|
Batting: RHB Johnny Hawson
|
0-0: Called Strike 0-1: Ball 1-1: Swinging Strike 1-2: Fly out, F5 (Popup, 5)
|
Batting: RHB Joe Lewis
|
0-0: Called Strike 0-1: Foul Ball, location: 2F 0-2: Strikes out swinging
|
Batting: RHB Artie Turner
|
0-0: Ball 1-0: Ball 2-0: Swinging Strike 2-1: Foul Ball, location: 2F 2-2: Fly out, F8 (Flyball, 8LM)
|
Bottom of the 9th over - 0 run(s), 0 hit(s), 0 error(s), 0 left on base; Surrey 8 - Saskatoon 1 |
|